 Dungeon Crawl Stone Soup version 0.32-a0-636-g4925a30cd0 (webtiles) character file.

Game seed: 2752568605648660729

1628 Jannitor the Ducker (level 9, -2/55 HPs)
             Began as a Kobold Hexslinger on Mar 7, 2024.
             Slain by a wyvern (14 damage)
             ... on level 7 of the Dungeon.
             The game lasted 00:08:44 (7119 turns).

Jannitor the Ducker (Kobold Hexslinger)             Turns: 7119, Time: 00:08:45

Health: -2/55      AC:  5    Str:  9    XL:     9   Next: 18%
Magic:  0/11       EV: 17    Int: 15    God:
Gold:   263        SH:  5    Dex: 17    Spells: 9/11 levels left

rFire   . . .        p - +2 long sword (flame)
rCold   . . .        s - +0 buckler
rNeg    . . .        c - +0 robe
rPois   .            t - +1 helmet
rElec   +            y - +0 cloak
rCorr   .            (no gloves)
SInv    +            (no boots)
Will    .....        g - amulet of guardian spirit
Stlth   +++          i - ring of protection from fire
HPRegen 0.29/turn    n - ring of the Saviour {rElec rF- Will+ SInv}
MPRegen 0.12/turn

%: guardian spirit
@: weak-willed
A: small, no large weapons, nightstalker 3
a: no special abilities


You were on level 7 of the Dungeon.
You visited 1 branch of the dungeon, and saw 7 of its levels.

You collected 263 gold pieces.

Inventory:

Hand Weapons
 a - a +1 sling
 p - a +2 long sword of flaming (weapon)
Missiles
 e - 2 throwing nets (quivered)
Armour
 c - a +0 robe (worn)
 s - a +0 buckler (worn)
 t - a +1 helmet (worn)
 y - a +0 cloak (worn)
Jewellery
 g - an amulet of guardian spirit (around neck)
 i - a ring of protection from fire (left hand)
 m - an amulet of magic regeneration
 n - the ring of the Saviour (right hand) {rElec rF- Will+ SInv}
   (You found it on level 4 of the Dungeon)

   [ring of willpower]

   rF-:       It makes you vulnerable to fire.
   rElec:     It insulates you from electricity.
   Will+:     It increases your willpower.
   SInv:      It lets you see invisible.
 B - an amulet of regeneration
 C - a ring of positive energy
 E - a ring of protection from fire
 F - a ring of ice
Scrolls
 b - 4 scrolls of poison
 d - a scroll of enchant weapon
 f - 5 scrolls of teleportation
 h - a scroll of fear
 j - a scroll of amnesia
 k - 2 scrolls of fog
 u - a scroll of immolation {unknown}
 v - 4 scrolls of identify
 x - a scroll of vulnerability {unknown}
Potions
 o - a potion of invisibility {unknown}
 q - 2 potions of lignification {unknown}
 r - 3 potions of cancellation {unknown}
 w - a potion of degeneration {unknown}
 z - a potion of berserk rage {unknown}
 A - a potion of enlightenment {unknown}
 D - a potion of magic {unknown}


   Skills:
 + Level 5.9 Fighting
 + Level 4.0 Long Blades
 - Level 3.5 Ranged Weapons
 + Level 6.7 Dodging
 - Level 2.0 Stealth
 + Level 4.0 Shields
 - Level 1.6 Spellcasting
 - Level 3.2 Hexes
 - Level 1.5 Fire Magic


You had 9 spell levels left.
You knew the following spells:

 Your Spells              Type           Power      Damage    Failure   Level
a - Jinxbite              Hex            20%        N/A       14%         2

Your spell library contained the following spells:

 Spells                   Type           Power      Damage    Failure   Level
 Sigil of Binding         Hex            10%        N/A       26%         3
 Inner Flame              Hex/Fire       8%         N/A       36%         3
 Cause Fear               Hex            5%         N/A       65%         4
 Dimensional Bullseye     Hex/Tloc       3%         N/A       86%         4
 Yara's Violent Unravell  Hex/Alch       3%         3d4       99%         5
 Enfeeble                 Hex            5%         N/A       100%        7


Dungeon Overview and Level Annotations

Branches:
Dungeon (7/15)             Temple (0/1) D:6

Altars:
Nemelex Xobeh

Shops:
D:2 [   D:3 (   D:6 :

Annotations:
D:5 3 runed translucent doors, Drangen's ghost, novice CoHu


Innate Abilities, Weirdness & Mutations

You are small and have problems with some larger weapons.
You are completely attuned to the shadows.


Message History

The wyvern hisses angrily.
Unknown command.
You feel much better.
You are engulfed in a cloud of scalding steam.
The steam dragon barely misses you. The steam dragon completely misses you.
You hit the steam dragon. You burn the steam dragon.
The steam dragon is severely wounded.
You block the wyvern's attack. The steam dragon bites you.
You block the steam dragon's attack. The wyvern misses you.
You hit the steam dragon. You burn the steam dragon.
The steam dragon is severely wounded.
You are engulfed in a cloud of scalding steam.
The steam dragon seems less drained.
The wyvern barely misses you. The steam dragon breathes steam at you.
The ball of steam hits you!
* * * LOW HITPOINT WARNING * * *
You block the wyvern's attack. The steam dragon closely misses you.
The steam dragon misses you.
You hear a loud, deep croak!
You feel much better. The wyvern barely misses you.
The steam dragon closely misses you. x2
Casting: Jinxbite (safe; 14% risk of failure)
Confirm with . or Enter, or press ? or * to list all spells.
You don't have enough magic to cast this spell.
You slash the steam dragon! You burn the steam dragon.
You kill the steam dragon!
The wyvern bites you! The wyvern bites you.
Your Long Blades skill increases to level 4!
Your Shields skill increases to level 4!
Unknown command.
The wyvern bites you.
Casting: Jinxbite (safe; 14% risk of failure)
Confirm with . or Enter, or press ? or * to list all spells.
You don't have enough magic to cast this spell.
You barely miss the wyvern.
A bullfrog comes into view.
The wyvern bites you!
* * * LOW HITPOINT WARNING * * *
The wyvern bites you!
You die...

####.# #.#
#.......
#....###.#
#..[....
###.##.....#
######.#
......######
##. ......#
.~ #.#
#....###.~
##.
......#≈~~
#.#
.......≈≈~
##.
....k@#~≈~
#.#
#...†###.~
##. ......
≈~ #.#
..F.... ###
......#≈


You could see a wyvern and a bullfrog (wandering).

Vanquished Creatures
  2 steam dragons
  A water moccasin (D:6)
  A black bear (D:4)
  A centaur (D:6)
  A phantom (D:7)
  A bullfrog (D:7)
  2 scorpions (D:5)
  6 wights
  2 hounds
  A jelly (D:5)
  A gnoll bouda (D:4)
  Crazy Yiuf (D:6)
  A sleepcap (D:5)
  3 iguanas
  Robin (D:2)
  8 adders
  8 gnolls
  A white imp (D:7)
  3 dart slugs
  4 ribbon worms
  7 orcs
  10 ball pythons
  5 bats
  9 endoplasms
  3 giant cockroaches
  13 goblins
  15 hobgoblins
  7 jackals (D:1)
  8 quokkas
  4 frilled lizards
  5 kobolds
  7 rats
142 creatures vanquished.

Notes
Turn   | Place    | Note
-------+----------+-------------------------------------------
     0 | D:1      | Jannitor the Kobold Hexslinger began the quest for the Orb.
     0 | D:1      | Reached XP level 1. HP: 12/12 MP: 2/2
    37 | D:1      | Reached XP level 2. HP: 15/16 MP: 3/3
   305 | D:1      | Reached XP level 3. HP: 20/20 MP: 5/5
   315 | D:1      | Reached skill level 1 in Stealth
  1199 | D:2      | Reached XP level 4. HP: 17/26 MP: 3/6
  1300 | D:2      | Learned a level 2 spell: Jinxbite
  1459 | D:2      | Reached skill level 3 in Dodging
  1834 | D:2      | Found Pejeag's Armour Boutique.
  1881 | D:2      | Noticed Robin
  1893 | D:2      | Killed Robin
  1894 | D:2      | Reached XP level 5. HP: 28/31 MP: 4/7
  2178 | D:3      | Found Mumok's Weapon Shoppe.
  2330 | D:3      | Found a sparkling altar of Nemelex Xobeh.
  2519 | D:3      | Reached skill level 1 in Long Blades
  2519 | D:3      | Reached skill level 1 in Shields
  2698 | D:3      | Reached XP level 6. HP: 36/36 MP: 6/8
  3456 | D:4      | Noticed a steam dragon
  3463 | D:4      | Killed a steam dragon
  3464 | D:4      | Reached skill level 4 in Dodging
  3467 | D:4      | Reached XP level 7. HP: 33/41 MP: 5/9
  3608 | D:4      | Identified the ring of the Saviour {rElec rF- Will+ SInv}
  4242 | D:5      | Entered Level 5 of the Dungeon
  4243 | D:5      | Found a runed translucent gate.
  4243 | D:5      | Found a runed translucent gate.
  4243 | D:5      | Found a runed translucent gate.
  4643 | D:5      | Noticed Drangen's ghost (novice CoHu)
  4849 | D:5      | Reached skill level 5 in Dodging
  5083 | D:5      | Reached XP level 8. HP: 39/48 MP: 6/10
  5858 | D:6      | Reached skill level 5 in Fighting
  5915 | D:6      | Found a staircase to the Ecumenical Temple.
  6068 | D:6      | Found a runed translucent door.
  6071 | D:6      | Noticed Crazy Yiuf
  6084 | D:6      | Killed Crazy Yiuf
  6244 | D:6      | Found Idduiwin's Book Boutique.
  6340 | D:6      | Reached skill level 6 in Dodging
  6846 | D:7      | Reached XP level 9. HP: 49/54 MP: 3/11
  7119 | D:7      | Slain by a wyvern

Illustrated notes

Levels and vault maps discovered:
D:1:      lemuel_arrival_cross, layout_basic
D:2:      layout_rooms, serial_shops, shop_statue, uniq_robin
D:3:      layout_basic, nemelex_dance_club_becter, serial_shops, shop
D:4:      layout_basic, chequers_hall_statues_wall_a
D:5:      layout_basic, ebering_ghost_rock_garden
D:6:      layout_basic, minmay_temple_entry_ruins, serial_shops, shop,
          uniq_crazy_yiuf_cottage
D:7:      wad_lake_hut, layout_basic

Skill      XL: |  1  2  3  4  5  6  7  8  9 |
---------------+----------------------------+-----
Ranged Weapons | 3 |  3.5
Stealth        | 1 2 |  2.0
Fighting       | 2 3 4 5 |  5.9
Dodging        | 3 4 5 6 |  6.7
Long Blades    | 1 2 3 4 |  4.0
Shields        | 1 2 3 4 |  4.0
Spellcasting   | |  1.6
Hexes          | |  3.2
Fire Magic     | |  1.5

Action                     |  1- 3 |  4- 6 |  7- 9 || total
---------------------------+-------+-------+-------++-------
  Melee: Long sword        |       |   123 |   155 ||   278
   Fire: Sling             |    91 |    59 |       ||   150
   Cast: Jinxbite          |       |     5 |    23 ||    28
    Use: Scroll            |       |    10 |       ||    10
         Potion            |       |     1 |     4 ||     5
   Stab: Sleeping          |       |     8 |    11 ||    19
         Distracted        |       |     2 |     1 ||     3
 Armour: Robe              |    42 |    60 |    76 ||   178
  Dodge: Dodged            |    52 |   110 |   143 ||   305
  Block: Buckler           |       |    13 |    49 ||    62

Table legend: (Time is in decaauts)
 A = Elapsed time spent in this place.
 B = Non-inter-level travel time spent in this place.
 C = Inter-level travel time spent in this place.
 D = Time resting spent in this place.
 E = Time spent auto-exploring this place.
 F = Levels seen in this place.
 G = Mean time per level.
                   A        B        C        D        E       F      G
               +--------+--------+--------+--------+--------+-----+--------+
         Total |   7257 |   6977 |    280 |    573 |   5230 |   7 | 1036.7 |
       Dungeon |   7257 |   6977 |    280 |    573 |   5230 |   7 | 1036.7 |
               +--------+--------+--------+--------+--------+-----+--------+

Top non-repeatable levels by time:
     D:5: 1254 daAuts
     D:4: 1246 daAuts
     D:1: 1203 daAuts
     D:3: 1091 daAuts
     D:2: 981 daAuts
     D:6: 899 daAuts
     D:7: 580 daAuts
